 Dungeon Crawl Stone Soup version 0.17-a0-986-gf45d1aa (webtiles) character file.

142 dirtyvader the Firebug (level 5, 0/38 HPs)
             Began as a Draconian Fire Elementalist on May 11, 2015.
             Slain by a gnoll
             ... wielding a +0 spear
              (5 damage)
             ... on level 3 of the Dungeon.
             The game lasted 00:15:29 (3115 turns).

dirtyvader the Firebug (DrFE)                       Turns: 3115, Time: 00:15:29

Health: 0/38       AC:  5    Str: 10    XL:     5   Next: 4%
Magic:  3/8        EV: 12    Int: 17    God:
Gold:   146        SH:  0    Dex: 11    Spells: 3 memorised, 2 levels left

rFire  . . .     SeeInvis .     g - +2 short sword
rCold  . . .     Clarity  .     (armour unavailable)
rNeg   . . .     SustAb   .     (no shield)
rPois  .         Gourm    .     (helmet restricted)
rElec  .         Spirit   .     (no cloak)
rCorr  .         Warding  .     q - -1 pair of gloves (curse)
rMut   .         Stasis   .     (no boots)
MR     .....                    (no amulet)
Stlth  ++........               (no ring)
                                (no ring)

@: not resistant to hostile enchantments, unstealthy
A: unfitting armour, cold-blooded, AC +5
a: no special abilities


You were on level 3 of the Dungeon.
You were not hungry.

You visited 1 branch of the dungeon, and saw 3 of its levels.

You collected 146 gold pieces.

Inventory:

Hand weapons
 c - a +0 dagger
 f - a +0 dagger
 g - a +2 short sword (weapon)
 h - a +0 short sword
 m - a +0 dagger
 p - a +0 dagger
Armour
 q - a cursed -1 pair of gloves (worn)
Scrolls
 e - a scroll of magic mapping
 k - a scroll of amnesia
 n - 3 scrolls of identify
Potions
 d - 3 potions of curing {unknown}
 j - 3 potions of lignification {unknown}
 l - a potion of might {unknown}
Books
 a - a book of Flames

   Spells                             Type                      Level
   a - Flame Tongue                   Conjuration/Fire             1
   b - Throw Flame                    Conjuration/Fire             2
   c - Conjure Flame                  Conjuration/Fire             3
   d - Inner Flame                    Hexes/Fire                   3
   e - Sticky Flame                   Conjuration/Fire             4
   f - Fireball                       Conjuration/Fire             5
Comestibles
 b - 3 bread rations


   Skills:
 - Level 1.7 Dodging
 - Level 1.7 Stealth
 - Level 2.0 Spellcasting
 * Level 3.8 Conjurations
 + Level 4.2 Fire Magic


You had 2 spell levels left.
You knew the following spells:

 Your Spells              Type           Power        Failure   Level  Hunger
a - Flame Tongue          Conj/Fire      ###..        3%          1    #......
b - Throw Flame           Conj/Fire      ###...       6%          2    ###....
c - Conjure Flame         Conj/Fire      ###.....     12%         3    ###....


Dungeon Overview and Level Annotations

Branches:
Dungeon (3/15)

Altars:


Innate Abilities, Weirdness & Mutations

Your plain brown scales are hard (AC +5).
Your body does not fit into most forms of armour.
You are cold-blooded and may be slowed by cold attacks.


Message History

The gnoll is almost dead.
The gnoll hits you from afar with a spear.
The gnoll closely misses you.
You closely miss the gnoll.
The gnoll is almost dead.
The gnoll hits you but does no damage. x2
Your magical contamination has completely faded away.
You hit the gnoll.
You kill the gnoll!
You have reached level 5!
The gnoll misses you. The gnoll barely misses you.
There is an open door, spattered with blood here.
Things that are here:
a whip; a club; a club You hit the gnoll but do no damage.
The gnoll hits you with a spear!
* * * LOW HITPOINT WARNING * * *
You hit the gnoll.
The gnoll is heavily wounded.
The gnoll hits you with a spear.
You die...

# .# #+#..#. # #+
.......
####.#.####.......
..........@g......
####.##.###.......
#.# ....... #<#
....... #.#
####.## #.# # #.#
#.# #..


You could see a gnoll.

Vanquished Creatures
  Jessica (D:2)
  2 gnolls (D:3)
  5 adders (D:2)
  3 worms (D:2)
  A giant gecko (D:2)
  3 giant cockroaches (D:1)
  4 hobgoblins
  4 jackals (D:1)
  8 kobolds
  2 ball pythons
  6 bats
  A giant newt (D:2)
  3 goblins
  7 rats
50 creatures vanquished.

Notes
Turn   | Place    | Note
--------------------------------------------------------------
     0 | D:1      | dirtyvader the Draconian Fire Elementalist began the quest for the Orb.
     0 | D:1      | Reached XP level 1. HP: 14/14 MP: 3/3
   402 | D:1      | Reached XP level 2. HP: 20/20 MP: 3/5
   575 | D:1      | Learned a level 2 spell: Throw Flame
  1647 | D:2      | Reached XP level 3. HP: 20/26 MP: 1/6
  1725 | D:2      | Learned a level 3 spell: Conjure Flame
  1801 | D:2      | Noticed Jessica
  1814 | D:2      | Killed Jessica
  2010 | D:2      | Reached XP level 4. HP: 33/33 MP: 3/7
  2083 | D:2      | Reached skill level 4 in Fire Magic
  3112 | D:3      | Reached XP level 5. HP: 11/38 MP: 3/8
  3115 | D:3      | Slain by a gnoll

Vault maps used:
D:1:      dpeg_arrival_radiant
D:2:      wad_pebble_path, uniq_jessica
D:3:      uniq_natasha, uniq_iyjb, uniq_robin

Action                   |  1- 3 |  4- 6 || total
-------------------------+-------+-------++-------
Melee: Unarmed           |     8 |       ||     8
       Short sword       |    59 |    42 ||   101
 Cast: Flame Tongue      |    34 |    12 ||    46
       Throw Flame       |    13 |     8 ||    21
       Conjure Flame     |     1 |     1 ||     2
  Use: Scroll            |     6 |     2 ||     8
  Eat: Chunk             |     5 |     2 ||     7
       Bread ration      |       |     1 ||     1
